 Dungeon Crawl Stone Soup version 0.29.0-11-gd7f09526c8 (webtiles) character file.

Game seed: 3454668761801466416

4344 Flugkiller the Cleaver (level 10, 0/136 HPs)
             Began as a Minotaur Fighter on Sept 4, 2022.
             Was a Follower of Okawaru.
             Slain by a deep troll (9 damage)
             ... on level 7 of the Dungeon.
             The game lasted 00:03:47 (7574 turns).

Flugkiller the Cleaver (Minotaur Fighter)           Turns: 7574, Time: 00:03:47

Health: 0/136      AC: 25    Str: 21    XL:     10   Next: 12%
Magic:  7/10       EV:  2    Int:  5    God:    Okawaru [*.....]
Gold:   307        SH:  6    Dex: 14    Spells: 9/9 levels left

rFire   . . .      SeeInvis .   a - +0 war axe
rCold   . . .      Faith    .   c - +0 buckler
rNeg    . . .      Spirit   .   (body armour currently unavailable)
rPois   +          Reflect  .   (helmet unavailable)
rElec   .          Harm     .   (cloak currently unavailable)
rCorr   .          Rampage  .   (gloves currently unavailable)
Will    .....      NoTele   +   (boots currently unavailable)
Stlth   +++.......              u - amulet of the acrobat
HPRegen 0.32/turn               (no ring)
MPRegen 0.12/turn               (no ring)

@: tree-form, heroic
A: stationary, stasis, torment immunity, boosted hp, (horns 3), (retaliatory
headbutt), mutation resistance 1
a: Renounce Religion, Heroism


You were on level 7 of the Dungeon.
You worshipped Okawaru.
Okawaru was aware of your devotion.
You were a tree.
You visited 2 branches of the dungeon, and saw 8 of its levels.
You also visited: Sewer.

You collected 307 gold pieces.

Inventory:

Hand Weapons
 a - a +0 war axe (weapon)
Armour
 c - a +0 buckler (worn)
 g - a +0 cloak (melded)
   (You took it off Crazy Yiuf on level 4 of the Dungeon)
 i - a +2 chain mail of poison resistance (melded)
   (You took it off Duvessa on level 4 of the Dungeon)
 o - a +1 hat
   (You found it on level 6 of the Dungeon)
Jewellery
 u - an amulet of the acrobat (around neck)
   (You found it on level 3 of the Dungeon)
Wands
 p - a wand of mindburst (4)
   (You found it on level 3 of the Dungeon)
Scrolls
 b - a scroll of silence {unknown}
 d - 2 scrolls of enchant armour {unknown}
 e - 3 scrolls of vulnerability
 f - a scroll of noise {unknown}
 h - 2 scrolls of fear
 l - 4 scrolls of magic mapping
 r - 2 scrolls of identify
 s - a scroll of summoning
 t - 4 scrolls of teleportation
Potions
 k - a potion of mutation
 m - 3 potions of flight
 n - 2 potions of resistance
 v - a potion of lignification


   Skills:
 + Level 9.4(14.4) Fighting
 * Level 12.4(17.4) Axes
 + Level 9.4(14.4) Armour
 - Level 3.6(8.6) Shields
 + Level 2.3 Invocations


You had 9 spell levels left.
You didn't know any spells.
Your spell library was empty.

Dungeon Overview and Level Annotations

Branches:
Dungeon (7/15)             Temple (1/1) D:6           Sewer (visited)

Altars:
Fedhas
Gozag
Hepliaklqana
Okawaru
Qazlal
Ru
Sif Muna
Trog
Vehumet
Yredelemnul
The Shining One

Shops:
D:1 !:


Innate Abilities, Weirdness & Mutations

You are a tree.
Your roots penetrate the ground, keeping you stationary.
You cannot be teleported.
You are immune to unholy pain and torment.
Your maximum health is greatly increased.
Your equipment is partially melded.
((You have a pair of large horns on your head.))
((You reflexively headbutt those who attack you in melee.))
You are somewhat resistant to further mutation.


Message History

The deep troll claws you but does no damage. x2
You slice the deep troll!!
The deep troll is heavily wounded.
The deep troll bites you but does no damage.
The deep troll claws you but does no damage.
The deep troll claws you!
You barely miss the deep troll.
The deep troll is heavily wounded.
The deep troll bites you but does no damage.
The deep troll claws you!
The deep troll claws you but does no damage.
You slash the deep troll!
The deep troll is severely wounded.
The deep troll bites you but does no damage.
The deep troll claws you but does no damage. x2
You slash the deep troll!
The deep troll is almost dead.
The deep troll bites you but does no damage.
The deep troll claws you but does no damage.
The deep troll claws you.
You barely miss the deep troll.
The deep troll is almost dead.
The deep troll bites you but does no damage.
The deep troll claws you!
* * * LOW HITPOINT WARNING * * *
You block the deep troll's attack.
You hit the deep troll but do no damage.
The deep troll is almost dead.
The deep troll bites you but does no damage.
The deep troll claws you but does no damage.
The deep troll claws you.
* * * LOW HITPOINT WARNING * * *
You slice the deep troll!!
You kill the deep troll!
Okawaru is honoured by your kill.
You can now gain great but temporary skills.
The troll leather armour is intact enough to wear.
Your Axes skill increases to level 12!
Your Invocations skill increases to level 1!
You feel much better. The deep troll bites you.
The deep troll claws you but does no damage.
The deep troll claws you!
Okay, then.
Okay, then.
You gain the combat prowess of a mighty hero.
The deep troll bites you but does no damage.
You block the deep troll's attack. The deep troll barely misses you.
You slash the deep troll!
The deep troll is lightly wounded.
The deep troll bites you. The deep troll claws you!
* * * LOW HITPOINT WARNING * * *
The deep troll claws you but does no damage.
You slash the deep troll!
The deep troll is heavily wounded.
You slash the deep troll!
The deep troll is heavily wounded.
The deep troll bites you but does no damage.
The deep troll claws you but does no damage.
You block the deep troll's attack.
You closely miss the deep troll.
The deep troll is heavily wounded.
The deep troll bites you but does no damage.
The deep troll claws you but does no damage.
The deep troll claws you.
* * * LOW HITPOINT WARNING * * *
You hit the deep troll but do no damage.
The deep troll is heavily wounded.
The deep troll barely misses you.
The deep troll claws you but does no damage. x2
You feel better. You block the deep troll's attack. The deep troll claws you.
* * * LOW HITPOINT WARNING * * *
The deep troll claws you but does no damage.
You don't have any such object.
Evoke which item? (* to show all) (? for menu, Esc to quit)
Okay, then.
Unknown command.
You closely miss the deep troll.
The deep troll is heavily wounded.
You slash the deep troll!
The deep troll is almost dead.
The deep troll bites you.
* * * LOW HITPOINT WARNING * * *
The deep troll claws you.
* * * LOW HITPOINT WARNING * * *
The deep troll claws you.
* * * LOW HITPOINT WARNING * * *
You slash the deep troll!
You kill the deep troll!
Okawaru is honoured by your kill.
The troll leather armour is intact enough to wear.
Your Invocations skill increases to level 2!
You have reached level 10!
You slash the deep troll!
The deep troll is moderately wounded.
The deep troll bites you.
* * * LOW HITPOINT WARNING * * *
The deep troll claws you.
* * * LOW HITPOINT WARNING * * *
The deep troll claws you!
You die...

#############
#............
##...#########
#<...#....... #####
##.#.#.#... #.....
.##.....#.## #......
#..<.........##.......
#............♣T.......
########....###.......
###### #...... #.....
#####


You could see a deep troll.

Vanquished Creatures
  2 deep trolls (D:7)
  An unseen horror (D:6)
  The ghost of qborf the Magician, an amateur MeHW of Vehumet (D:4)
  Sigmund (D:2)
  6 yaks (D:5)
  A steam dragon (D:5)
  Duvessa (D:4)
  2 black bears
  An ogre (D:6)
  2 phantoms
  A kobold brigand (D:4)
  3 scorpions (D:5)
  3 necrophages
  Dowan (D:4)
  A hound (D:5)
  Crazy Yiuf (D:4)
  4 orc priests
  2 jellies (D:5)
  4 iguanas
  Jessica (D:2)
  2 orc wizards (D:5)
  Robin (D:4)
  14 adders
  2 white imps (D:5)
  5 worms
  A dart slug (D:3)
  16 orcs
  3 ball pythons
  4 bats
  10 endoplasms
  5 giant cockroaches
  14 goblins
  A hobgoblin (D:1)
  2 jackals (D:2)
  9 kobolds
  A quokka (D:2)
  11 rats
140 creatures vanquished.

Vanquished Creatures (others)
  A plant (D:3)
1 creature vanquished.

Grand Total: 141 creatures vanquished

Notes
Turn   | Place    | Note
-------+----------+-------------------------------------------
     0 | D:1      | Flugkiller the Minotaur Fighter began the quest for the
                  | Orb.
     0 | D:1      | Reached XP level 1. HP: 19/19 MP: 0/0
    94 | D:1      | Found a faded altar of an unknown god.
   155 | D:1      | Reached skill level 3 in Axes
   155 | D:1      | Reached XP level 2. HP: 26/27 MP: 1/1
   430 | D:1      | Found Foatatta's Book Shop.
   432 | D:1      | Found Pajinke's Distillery.
   968 | D:2      | Noticed Sigmund
  1162 | D:2      | Killed Sigmund
  1163 | D:2      | Reached skill level 5 in Axes
  1163 | D:2      | Reached XP level 3. HP: 30/35 MP: 2/2
  1163 | D:2      | Reached XP level 4. HP: 35/41 MP: 3/3
  1163 | D:2      | Reached XP level 5. HP: 40/47 MP: 4/4
  1446 | D:2      | Noticed Jessica
  1449 | D:2      | Killed Jessica
  1453 | D:2      | Reached skill level 5 in Armour
  1577 | D:2      | Reached skill level 5 in Fighting
  1916 | D:3      | Identified the +7 sling "Viyrgh" {flame, rPois rCorr Dex-2
                  | Stlth+}
  1948 | D:3      | Reached XP level 6. HP: 35/56 MP: 5/5
  2146 | D:3      | Found a glowing drain.
  2319 | Sewer    | Entered a sewer
  2500 | Sewer    | Reached skill level 6 in Axes
  3158 | D:4      | You fall into a shaft and drop 1 floor!
  3158 | D:5      | Entered Level 5 of the Dungeon
  3186 | D:5      | Reached XP level 7. HP: 55/62 MP: 6/6
  3268 | D:5      | Reached skill level 7 in Axes
  3700 | D:5      | Reached skill level 8 in Axes
  3700 | D:5      | Noticed a yak
  3702 | D:5      | Noticed a yak
  3707 | D:5      | Gained mutation: You are strong-willed. (Will+) [potion of
                  | mutation]
  3707 | D:5      | Gained mutation: Your magical capacity is low. (-10% MP)
                  | [potion of mutation]
  3707 | D:5      | Gained mutation: You occasionally lose the ability to read
                  | scrolls when taking damage. [potion of mutation]
  3712 | D:5      | Noticed a yak
  3712 | D:5      | Noticed a yak
  3712 | D:5      | Noticed a yak
  3712 | D:5      | Noticed a yak
  3723 | D:5      | Killed a yak
  3724 | D:5      | Reached XP level 8. HP: 51/71 MP: 6/6
  3733 | D:5      | Reached skill level 9 in Axes
  4005 | D:5      | Lost mutation: You are strong-willed. (Will+) [potion of
                  | mutation]
  4005 | D:5      | Lost mutation: Your magical capacity is low. (-10% MP)
                  | [potion of mutation]
  4005 | D:5      | Gained mutation: You are somewhat resistant to further
                  | mutation. [potion of mutation]
  4005 | D:5      | Gained mutation: Your flesh is cold resistant. (rC+)
                  | [potion of mutation]
  4006 | D:5      | Lost mutation: Your flesh is cold resistant. (rC+) [potion
                  | of mutation]
  4006 | D:5      | Lost mutation: You are somewhat resistant to further
                  | mutation. [potion of mutation]
  4006 | D:5      | Lost mutation: You occasionally lose the ability to read
                  | scrolls when taking damage. [potion of mutation]
  4006 | D:5      | Gained mutation: You are somewhat resistant to further
                  | mutation. [potion of mutation]
  4006 | D:5      | Gained mutation: You have a pair of large horns on your
                  | head. [potion of mutation]
  4024 | D:5      | Reached skill level 10 in Axes
  4199 | D:5      | Reached XP level 9. HP: 69/81 MP: 8/8
  4852 | D:4      | Noticed Duvessa
  4854 | D:4      | Noticed Dowan
  4864 | D:4      | Killed Dowan
  4868 | D:4      | Killed Duvessa
  5615 | D:4      | Found a runed translucent door.
  5616 | D:4      | Noticed Crazy Yiuf
  5666 | D:4      | Noticed Robin
  5675 | D:4      | Killed Robin
  5873 | D:4      | Found a runed translucent gate.
  5881 | D:4      | Noticed qborf's ghost (amateur MeHW)
  5884 | D:4      | Found a runed translucent gate.
  5884 | D:4      | Found a runed translucent gate.
  5887 | D:4      | Identified the +0 chain mail "Oboer" {Dex+5 Stlth+}
  5947 | D:4      | Reached skill level 11 in Axes
  6389 | D:4      | Killed qborf's ghost
  6553 | D:4      | Killed Crazy Yiuf
  6711 | D:6      | Killed an unseen horror
  7017 | D:6      | Found a staircase to the Ecumenical Temple.
  7028 | Temple   | Entered the Ecumenical Temple
  7051 | Temple   | Became a worshipper of Warmaster Okawaru
  7541 | D:7      | Noticed a deep troll
  7542 | D:7      | Noticed a deep troll
  7543 | D:7      | Noticed a deep troll
  7562 | D:7      | Killed a deep troll
  7562 | D:7      | Reached * piety under Okawaru
  7563 | D:7      | Reached skill level 12 in Axes
  7563 | D:7      | Reached skill level 1 in Invocations
  7573 | D:7      | Killed a deep troll
  7574 | D:7      | Reached XP level 10. HP: 18/91 MP: 6/10
  7574 | D:7      | Slain by a deep troll

Illustrated notes

Levels and vault maps discovered:
D:1:      lightli_arrival_statue_moat, layout_basic,
          hellmonk_ecumenical_altar_zigzags, serial_shops, shop, shop
D:2:      layout_basic, uniq_sigmund, uniq_jessica
D:3:      layout_rooms, serial_forest, infiniplex_forest_lined_corner,
          infiniplex_forest_clump_cross, infiniplex_forest_lined_4_way,
          infiniplex_forest_lined_2, infiniplex_forest_clump_small,
          infiniplex_forest_straight_2, infiniplex_forest_lined_room_3,
          gup_sewer_entry_glass
D:4:      layout_loops_corners, biasface_ghost_orc_armoury, kennysheep_boxes,
          uniq_duvessa, uniq_robin, uniq_crazy_yiuf_cottage
D:5:      layout_loops_corners, minmay_misc_feat_diagonals, minivault_11,
          kennysheep_donut, minmay_starry_boxes
D:6:      layout_rooms, minmay_temple_entry_drinking_statues
D:7:      layout_basic, minitemple, hellmonk_guarded_unrand_vitality_bloodlust
Temple:   hellmonk_temple_of_storms

Skill      XL: |  1  2  3  4  5  6  7  8  9 |
---------------+----------------------------+-----
Axes           | 3 5 6 8 10 12 | 12.4
Fighting       | 4 5 6 7 9 |  9.4
Armour         | 4 5 6 7 9 |  9.4
Invocations    | 2 |  2.3
Shields        | |  3.6

Action                   |  1- 3 |  4- 6 |  7- 9 | 10-12 || total
-------------------------+-------+-------+-------+-------++-------
Melee: War axe           |    39 |   123 |   225 |     1 ||   388
       Headbutt          |     5 |    10 |    36 |       ||    51
Invok: Heroism           |       |       |     1 |       ||     1
Evoke: Wand              |       |       |     2 |       ||     2
  Use: Potion            |       |       |    14 |       ||    14
       Scroll            |       |       |     9 |       ||     9
 Stab: Invisible         |       |       |     3 |       ||     3
Armor: Scale mail        |    20 |    39 |    61 |       ||   120
       Skin              |       |       |    34 |       ||    34
       Chain mail        |       |       |    21 |       ||    21
Dodge: Dodged            |    18 |    43 |   106 |       ||   167
Block: Buckler           |    13 |    22 |    48 |       ||    83
